 Dungeon Crawl Stone Soup version 0.27.1-35-g4d5d836560 (webtiles) character file.

Game seed: 3292385408317410744

86 CrazyMind the Digger (level 4, -1/27 HPs)
             Began as an Octopode Earth Elementalist on July 9, 2022.
             Slain by an ogre (28 damage)
             ... on level 2 of the Dungeon.
             The game lasted 00:08:13 (2693 turns).

CrazyMind the Digger (Octopode Earth Elementalist)  Turns: 2693, Time: 00:08:13

Health: -1/27      AC:  1    Str:  7    XL:     4   Next: 50%
Magic:  5/8        EV: 13    Int: 18    God:
Gold:   58         SH:  0    Dex: 12    Spells: 2/8 levels left

rFire    . . .     SeeInvis .   e - +0 dagger
rCold    . . .     Faith    .   (no shield)
rNeg     . . .     Spirit   .   (helmet restricted)
rPois    .         Reflect  .   (no amulet)
rElec    .         Harm     .   (no ring)
rCorr    .         Rampage  .   (no ring)
Will     .....                  (no ring)
Stlth    +++.......             (no ring)
HPRegen  0.09/turn              (no ring)
MPRegen  0.11/turn              (no ring)
                                (no ring)
                                (no ring)

@: no status effects
A: almost no armour, amphibious, 8 rings, camouflage 1, gelatinous body 1,
(nimble swimmer 1), tentacles
a: no special abilities


You were on level 2 of the Dungeon.
You visited 1 branch of the dungeon, and saw 2 of its levels.

You collected 58 gold pieces.

Inventory:

Hand Weapons
 e - a +0 dagger (weapon)
Missiles
 b - 41 stones
 g - 4 poisoned darts (quivered)
Scrolls
 h - a scroll of immolation {unknown}
 i - a scroll of blinking {unknown}
 j - a scroll of teleportation {unknown}
Potions
 a - a potion of heal wounds {unknown}
 c - 2 potions of curing {unknown}
 d - 2 potions of attraction {unknown}
 f - a potion of berserk rage {unknown}
 k - a potion of lignification {unknown}


   Skills:
 + Level 0.6 Fighting
 + Level 2.2 Dodging
 + Level 3.8 Stealth
 * Level 2.7 Spellcasting
 * Level 0.5 Conjurations
 - Level 1.0 Transmutations
 * Level 3.8 Earth Magic


You had 2 spell levels left.
You knew the following spells:

 Your Spells              Type           Power      Damage    Failure   Level
a - Sandblast             Erth           32%        2d9       3%          1
b - Passwall              Tmut/Erth      9%         N/A       10%         2
c - Stone Arrow           Conj/Erth      20%        3d8       21%         3

Your spell library contained the following spells:

 Spells                   Type           Power      Damage    Failure   Level
 Shock                    Conj/Air       12%        1d3       16%         1
 Swiftness                Air            2%         N/A       45%         3
 Petrify                  Tmut/Erth      11%        N/A       52%         4
 Airstrike                Air            1%         N/A       86%         4


Dungeon Overview and Level Annotations

Branches:
Dungeon (2/15)

Altars:

Annotations:
D:1 exclusion: downstairs
D:2 exclusion: ogre


Innate Abilities, Weirdness & Mutations

You cannot wear most types of armour.
You are amphibious.
You can wear up to eight rings at the same time.
Your skin changes colour to match your surroundings (Stealth+).
Your rubbery body absorbs attacks. (AC +1, EV +1)
((You are camouflaged near water. (Stealth+)))
You have tentacles for arms and can constrict up to eight enemies at once.


Message History

You throw a poisoned dart. The poisoned dart hits the ogre.
The ogre is poisoned.
Throw: 5 darts (poison)
Press: ? - help, Q - select action, (/) - cycle Shift-Dir - straight line, f/p - ogre
Aim: an ogre, wielding a +0 giant club (poisoned, 72% to hit)
You throw a poisoned dart. The poisoned dart hits the ogre.
Casting: Sandblast (safe; 3% risk of failure)
Confirm with . or Enter, or press ? or * to list all spells.
Aiming: Sandblast (safe; 3% risk of failure)
Press: ? - help, Shift-Dir - straight line, f/p - ogre
Aim: an ogre, wielding a +0 giant club (poisoned, 90% to hit)
The blast of sand misses the ogre.
b - 43 stones
Casting: Sandblast (safe; 3% risk of failure)
Confirm with . or Enter, or press ? or * to list all spells.
Okay, then.
Unknown command.
Press: ? - help, v - describe, . - travel
Here: an ogre, wielding a +0 giant club (poisoned)
The floor.
Unknown command.
Casting: Sandblast (safe; 3% risk of failure)
Confirm with . or Enter, or press ? or * to list all spells.
Aiming: Sandblast (safe; 3% risk of failure)
Press: ? - help, Shift-Dir - straight line, f/p - ogre
Aim: an ogre, wielding a +0 giant club (poisoned, 90% to hit)
The blast of sand hits the ogre!
The ogre is heavily wounded.
b - 42 stones
Casting: Sandblast (safe; 3% risk of failure)
Confirm with . or Enter, or press ? or * to list all spells.
Aiming: Sandblast (safe; 3% risk of failure)
Press: ? - help, Shift-Dir - straight line, f/p - ogre
Aim: an ogre, wielding a +0 giant club (heavily wounded, poisoned, 90% to hit)
The blast of sand hits the ogre!
The ogre is severely wounded.
b - 41 stones The ogre hits you with a +0 giant club!!
Ouch! That really hurt!
You die...

#.......#.....#...#.......♣..♣...
#....#..#.....###.#.......†......
#....#..........†.#..............
######.#......###.##.............
##............####.##............
.#.#.............#..##...........
...#.#...........#..###..........
#.....................##........#
#..#.#.###......@#.....##########
..............)..O####.....>.#
.........##..#......##.#.########
......##..#.##...##.##..........#
.................##.(...........#
......#######...######(.........#
......# ###.# #..........#
......# #.######..(.......#
......# #......#......<....


You could see an ogre (poisoned).

Vanquished Creatures
  3 adders (D:2)
  An adder skeleton (D:2)
  2 ball pythons
  4 bats
  8 endoplasms
  3 giant cockroaches
  A goblin (D:2)
  9 hobgoblins
  6 jackals
  A quokka (D:1)
  A frilled lizard (D:2)
  5 kobolds
  6 rats
50 creatures vanquished.

Notes
Turn   | Place    | Note
-------+----------+-------------------------------------------
     0 | D:1      | CrazyMind the Octopode Earth Elementalist began the quest
                  | for the Orb.
     0 | D:1      | Reached XP level 1. HP: 11/11 MP: 3/3
   320 | D:1      | Found a faded altar of an unknown god.
   445 | D:1      | Reached XP level 2. HP: 5/17 MP: 3/5
   684 | D:1      | Learned a level 2 spell: Passwall
  1126 | D:1      | Reached XP level 3. HP: 21/21 MP: 6/6
  1130 | D:1      | Learned a level 3 spell: Stone Arrow
  1851 | D:2      | Noticed an ogre
  2123 | D:2      | Reached XP level 4. HP: 21/27 MP: 7/7
  2693 | D:2      | Slain by an ogre

Illustrated notes

Levels and vault maps discovered:
D:1:      dpeg_arrival_three_same_balls, layout_loops_ring,
          chequers_ecumenical_altar_simple_redux
D:2:      kennysheep_big_flooded_room, layout_rooms, minivault_19,
          serial_park_tiny_2, hex_intersection, minmay_divided_ellipse

Skill      XL: |  1  2  3 |
---------------+----------+-----
Stealth        | 3 |  3.8
Fighting       | |  0.6
Dodging        | |  2.2
Spellcasting   | |  2.7
Conjurations   | |  0.5
Transmutations | |  1.0
Earth Magic    | |  3.8

Action                   |  1- 3 |  4- 6 || total
-------------------------+-------+-------++-------
Melee: Unarmed           |    13 |       ||    13
       Short sword       |    23 |       ||    23
       Tentacles         |    15 |     3 ||    18
       Constrict         |    17 |     5 ||    22
       Dagger            |    45 |    23 ||    68
Throw: Dart              |       |     4 ||     4
 Cast: Sandblast         |    12 |     8 ||    20
 Stab: Sleeping          |    12 |       ||    12
Armor: Skin              |     3 |     2 ||     5
Dodge: Dodged            |    45 |    14 ||    59
